 Dungeon Crawl Stone Soup version 0.20.0-7-g3b7b877 (webtiles) character file.

169 Hasart the Skirmisher (level 5, -5/37 HPs)
             Began as an Octopode Fighter on May 29, 2017.
             Slain by Duvessa
             ... wielding a +0 short sword
              (10 damage)
             ... on level 6 of the Dungeon.
             The game lasted 00:04:14 (2139 turns).

Hasart the Skirmisher (Octopode Fighter)            Turns: 2139, Time: 00:04:14

Health: -5/37      AC:  1    Str: 21    XL:     5   Next: 50%
Magic:  5/5        EV: 12    Int: 11    God:
Gold:   166        SH:  9    Dex: 11    Spells: 4/4 levels left

rFire    . . .     SeeInvis .   a - +0 trident
rCold    . . .     Gourm    .   b - +0 shield
rNeg     . . .     Faith    .   (helmet restricted)
rPois    .         Spirit   .   (no amulet)
rElec    .         Reflect  .   s - ring of resist corrosion
rCorr    +         Harm     .   (no ring)
MR       .....                  (no ring)
Stlth    ++........             (no ring)
Regen    0.2/turn               (no ring)
MPRegen  0.1/turn               (no ring)
                                (no ring)
                                (no ring)

@: mighty
A: almost no armour, stealthy swim, amphibious, 8 rings, constrict 8, camouflage
1, gelatinous body 1
a: no special abilities


You were on level 6 of the Dungeon.
You were not hungry.

You visited 1 branch of the dungeon, and saw 4 of its levels.

You collected 166 gold pieces.

Inventory:

Hand Weapons
 a - a +0 trident (weapon)
Armour
 b - a +0 shield (worn)
Jewellery
 s - a ring of resist corrosion (left tentacle)
Scrolls
 e - a scroll of amnesia {unknown}
 f - 2 scrolls of identify {unknown}
 h - 4 scrolls of fear {unknown}
 i - a scroll of recharging {unknown}
 l - a scroll of teleportation {unknown}
 m - a scroll of fog {unknown}
 o - a scroll of enchant weapon {unknown}
Potions
 j - 4 potions of curing {unknown}
 k - a potion of magic {unknown}
 n - a potion of brilliance {unknown}
 q - 2 potions of berserk rage {unknown}
Comestibles
 d - 4 bread rations
 g - a royal jelly
 p - a meat ration


   Skills:
 + Level 3.9 Fighting
 * Level 3.9 Polearms
 + Level 3.6 Dodging
 + Level 3.6 Shields


You had 4 spell levels left.
You didn't know any spells.

Dungeon Overview and Level Annotations

Branches:
Dungeon (3/15)

Altars:
Hepliaklqana
Okawaru

Annotations:
D:6 Duvessa


Innate Abilities, Weirdness & Mutations

You cannot wear most types of armour.
You are very stealthy in the water. (Stealth+)
You are amphibious.
You can wear up to eight rings at the same time.
You can use your tentacles to constrict eight enemies at once.
Your skin changes colour to match your surroundings (Stealth+).
Your rubbery body absorbs attacks. (AC +1, EV +1)


Message History

You feel very mighty all of a sudden.
Unknown command.
You completely miss Duvessa. You grab Duvessa. You squeeze Duvessa!
Duvessa is moderately wounded.
You constrict Duvessa, but do no damage.
Duvessa struggles to escape constriction.
Duvessa escapes!
You puncture Dowan! Your grab misses Dowan. Your squeeze misses Dowan.
Dowan is heavily wounded.
You block Duvessa's attack. Dowan closely misses you.
You puncture Dowan!
You kill Dowan!
Duvessa weeps, then rights herself and shakes her weapon.
Duvessa goes berserk!
You block Duvessa's attack.
You closely miss Duvessa. You grab Duvessa. You squeeze Duvessa.
Duvessa is moderately wounded.
You constrict Duvessa. Duvessa hits you with a short sword!
* * * LOW HITPOINT WARNING * * *
Duvessa hits you with a short sword!
You die...

...#.####
#..#.%..#####
#..#.........
#..#..$...(..
#..##........
######..##........
........##........
#.##........
#@##......$.
#e).......##
#.............#
#.#...........#
#...........#
#.######.#.## #.
.#... #. .. .. ..


You could see Duvessa (berserk).

Vanquished Creatures
  Dowan (D:6)
  An orc wizard (D:3)
  A hound skeleton (D:3)
  2 adders (D:3)
  3 dart slugs
  2 leopard geckos
  5 orcs (D:3)
  2 giant cockroaches (D:1)
  A goblin (D:2)
  8 hobgoblins
  6 bats
  7 frilled lizards
  9 kobolds
  9 rats
57 creatures vanquished.

Notes
Turn   | Place    | Note
-------+----------+-------------------------------------------
     0 | D:1      | Hasart the Octopode Fighter began the quest for the Orb.
     0 | D:1      | Reached XP level 1. HP: 16/16 MP: 1/1
   240 | D:1      | Reached XP level 2. HP: 21/21 MP: 2/2
   590 | D:1      | Reached XP level 3. HP: 26/26 MP: 3/3
  1562 | D:3      | Found a hazy altar of Hepliaklqana.
  1585 | D:3      | Reached XP level 4. HP: 31/31 MP: 4/4
  2008 | D:3      | Found an iron altar of Okawaru.
  2107 | D:3      | Reached XP level 5. HP: 36/36 MP: 5/5
  2126 | D:3      | You fall through a shaft for 3 floors!
  2126 | D:6      | Noticed Duvessa
  2126 | D:6      | Noticed Dowan
  2138 | D:6      | Killed Dowan
  2139 | D:6      | Slain by Duvessa

Skill      XL: |  1  2  3 |
---------------+----------+-----
Polearms       | 3 |  3.9
Fighting       | |  3.9
Dodging        | |  3.6
Shields        | |  3.6

Action                   |  1- 3 |  4- 6 || total
-------------------------+-------+-------++-------
Melee: Trident           |    79 |    39 ||   118
       Constrict         |    17 |    13 ||    30
       Tentacles         |    14 |     5 ||    19
  Use: Potion            |       |     1 ||     1
 Stab: Sleeping          |     6 |       ||     6
  Eat: Chunk             |     2 |     2 ||     4
Armor: Skin              |     6 |     2 ||     8
Dodge: Dodged            |    24 |    16 ||    40
Block: Shield            |    13 |    15 ||    28
